 Dungeon Crawl Stone Soup version 0.25.1-9-gc5326a611f (webtiles) character file.

Game seed: 425313562338326421

436 Clowwww the Chopper (level 6, -4/48 HPs)
             Began as a Demonspawn Fighter on Jan 3, 2021.
             Slain by an orc warrior
             ... wielding a cursed +0 scimitar
              (19 damage)
             ... on level 4 of the Dungeon.
             The game lasted 00:06:37 (2890 turns).

Clowwww the Chopper (Demonspawn Fighter)            Turns: 2890, Time: 00:06:37

Health: -4/48      AC: 11    Str: 19    XL:     6   Next: 69%
Magic:  6/6        EV:  7    Int:  9    God:
Gold:   117        SH:  9    Dex: 12    Spells: 5/5 levels left

rFire    . . .     SeeInvis +   a - +3 war axe
rCold    . . .     Gourm    .   c - +0 kite shield
rNeg     + . .     Faith    .   g - +3 scale mail {rN+}
rPois    +         Spirit   .   (no helmet)
rElec    .         Reflect  .   (no cloak)
rCorr    .         Harm     .   (no gloves)
MR       .....                  n - +0 pair of boots
Stlth    ..........             (no amulet)
HPRegen  0.16/turn              m - ring of see invisible
MPRegen  0.10/turn              b - ring of poison resistance

@: no status effects
A: talons 1, powered by death 2, rot immunity
a: no special abilities


You were on level 4 of the Dungeon.
You were not hungry.

You visited 1 branch of the dungeon, and saw 4 of its levels.

You collected 117 gold pieces.

Inventory:

Hand Weapons
 a - a +3 war axe (weapon)
Armour
 c - a +0 kite shield (worn)
 g - a +3 scale mail of positive energy (worn)
 n - a +0 pair of boots (worn)
Jewellery
 b - a ring of poison resistance (right hand)
 m - a ring of see invisible (left hand)
Wands
 d - a wand of random effects (19)
Scrolls
 h - a scroll of remove curse
 t - a scroll of teleportation
Potions
 e - 2 potions of lignification
 j - 3 potions of stabbing
 k - 2 potions of haste
 l - a potion of cancellation
 o - a potion of curing
 p - a potion of might
Comestibles
 f - 6 rations
 r - 4 chunks of flesh


   Skills:
 + Level 4.0 Fighting
 * Level 5.2 Axes
 + Level 3.3 Armour
 + Level 0.6 Dodging
 + Level 3.4 Shields


You had 5 spell levels left.
You didn't know any spells.
Your spell library was empty.

Dungeon Overview and Level Annotations

Branches:
Dungeon (4/15)
 Temple: D:4-7

Altars:
Elyvilon

Annotations:
D:4 1 runed translucent door, aloneDruid's ghost, amateur OpVM


Innate Abilities, Weirdness & Mutations

You have sharp toenails.
You regenerate health from kills.
You are immune to rotting.


Message History

The orc warrior is moderately wounded.
You block the orc warrior's attack.
You slash the orc warrior!
The orc warrior is heavily wounded.
You block the orc warrior's attack.
The orc warrior hits you with a cursed +0 scimitar!!
You slash the orc warrior!
The orc warrior is severely wounded.
You block the orc warrior's attack.
Some of the chunks of flesh in your inventory have rotted away.
Your shield and scale mail prevent you from hitting the orc warrior.
The orc warrior is severely wounded.
The orc warrior hits you with a cursed +0 scimitar!
You hit the orc warrior.
The orc warrior is almost dead.
The orc warrior hits you with a cursed +0 scimitar!
You hit the orc warrior but do no damage.
The orc warrior is almost dead.
The orc warrior hits you with a cursed +0 scimitar!!
You die...

*******,...##⌠##..#.#.#.....#
*,,,,.....##...##..#+#+#.#.#.
*,,,,....##.....##......#.#.#
*,,,,....#⌠.%♣!.⌠#......+#.#.
**,,,....##.....##......#....
*,,,.....##...##..#.#.......
*,,,......##W##..#.#+....)..
****###...o#+#....#.#...#..)
*#......@...#+#.#+...+#))
*........#)..........#+..
*.........#<........#.#..
*..#.#+#.#+........#.#.#.
*.,#,##.#.#.........#.#.#
****,,*,#.#.#.#.#+#.#.#.#.#.
*,,,,,,,##.....#+#.#.#.#....
*,*,,,,,,+....#.......#+....
***,*,,,,,,#....+......#.#....


You could see an orc warrior and aloneDruid's ghost.

Vanquished Creatures
  A scorpion (D:4)
  A howler monkey (D:4)
  A crimson imp (D:4)
  A hound (D:4)
  An orc priest (D:4)
  Terence (D:2)
  An iguana (D:4)
  An orc wizard (D:4)
  A worker ant (D:4)
  5 adders
  2 oozes (D:1)
  2 worms
  2 dart slugs
  2 leopard geckos
  10 orcs
  7 giant cockroaches
  9 goblins
  5 hobgoblins
  10 jackals
  A quokka (D:2)
  3 ball pythons
  7 bats
  6 frilled lizards
  8 kobolds
  3 rats
91 creatures vanquished.

Notes
Turn   | Place    | Note
-------+----------+-------------------------------------------
     0 | D:1      | Clowwww the Demonspawn Fighter began the quest for the Orb.
     0 | D:1      | Reached XP level 1. HP: 18/18 MP: 1/1
    80 | D:1      | Gained mutation: You regenerate a little health from kills.
                  | [demonic ancestry]
    80 | D:1      | Reached XP level 2. HP: 24/24 MP: 2/2
   112 | D:1      | Reached skill level 2 in Axes
   272 | D:1      | Reached XP level 3. HP: 20/29 MP: 3/3
   895 | D:2      | Noticed Terence
   909 | D:2      | Killed Terence
   909 | D:2      | Gained mutation: You are immune to rotting. [demonic
                  | ancestry]
   909 | D:2      | Reached XP level 4. HP: 37/37 MP: 4/4
   929 | D:2      | Reached skill level 3 in Axes
  1634 | D:3      | Gained mutation: You regenerate health from kills. [demonic
                  | ancestry]
  1634 | D:3      | Reached XP level 5. HP: 42/42 MP: 5/5
  1803 | D:3      | Found a white marble altar of Elyvilon.
  2462 | D:4      | Reached skill level 4 in Axes
  2624 | D:4      | Gained mutation: You have sharp toenails. [demonic
                  | ancestry]
  2624 | D:4      | Reached XP level 6. HP: 26/48 MP: 6/6
  2767 | D:4      | Reached skill level 5 in Axes
  2874 | D:4      | Found a runed translucent door.
  2876 | D:4      | Noticed aloneDruid's ghost (amateur OpVM)
  2879 | D:4      | Noticed an orc warrior
  2890 | D:4      | Slain by an orc warrior

Illustrated notes

Levels and vault maps discovered:
D:1:      lordsloth_arrival_two_stooges, layout_rooms, minmay_indecisive_spiral
D:2:      layout_basic, first_ration, uniq_terence
D:3:      layout_basic, marbit_many_paths, serial_bayou_pond_c,
          nrook_mini_vaults, st_stairs_11, kennysheep_boxes
D:4:      layout_basic, kiku_gazebo_pond_becter, hellmonk_ghost_happy_afterlife,
          uniq_blork_the_orc

Skill      XL: |  1  2  3  4  5  6 |
---------------+-------------------+-----
Axes           | 2 3 4 5 |  5.2
Shields        | 3 |  3.4
Armour         | 3 |  3.3
Fighting       | 4 |  4.0
Dodging        | |  0.6

Action                   |  1- 3 |  4- 6 || total
-------------------------+-------+-------++-------
Melee: War axe           |    79 |   145 ||   224
  Use: Potion            |     1 |       ||     1
       Scroll            |       |    16 ||    16
  Eat: Chunk             |       |     7 ||     7
Armor: Scale mail        |    40 |    71 ||   111
Dodge: Dodged            |    22 |    39 ||    61
Block: Kite shield       |    49 |    78 ||   127
